 Dungeon Crawl Stone Soup version 0.11-a0-175-g75e0b1b character file.

21736 vogonpoet the Summoner (level 12, -13/81 HPs)
             Began as a Mummy Wizard on Feb 17, 2012.
             Was the Champion of Sif Muna.
             Killed from afar by Tityrus' ghost (29 damage)
             ... with an orb of energy
             ... on Level 5 of the Lair of Beasts.
             The game lasted 02:47:46 (17470 turns).

vogonpoet the Summoner (Mummy Wizard)              Turns: 17470, Time: 02:47:46

HP -13/81        AC  7     Str 10      XL: 12   Next: 39%
MP   7/37        EV 12     Int 21      God: Sif Muna [******]
Gold 1317        SH  0     Dex 10      Spells: 10 memorised,  6 levels left

Res.Fire  : + . .   See Invis. : .   F - +3,+1 elf dagger (venom)
Res.Cold  : . . .   Warding    : . . x - +1 robe {rF+}
Life Prot.: + + +   Conserve   : .   (no shield)
Res.Acid. : . . .   Res.Corr.  : .   b - +0 wizard hat
Res.Poison: +       Clarity    : .   D - +1 orc cloak
Res.Elec. : .       Spirit.Shd : .   u - +0 pair of gauntlets
Sust.Abil.: . .     Stasis     : .   g - +0 pair of boots
Res.Mut.  : .       Ctrl.Telep.: .   v - amulet of faith
Res.Rott. : +       Levitation : .   U - ring of magical power
Saprovore : . . .   Ctrl.Flight: .   O - ring of fire

@: quite resistant to hostile enchantments, fairly stealthy
A: no food or potions, fire vulnerability, restore body, cold resistance 1, life
protection 3, poison resistance, torment resistance, unbreathing
a: Channel Energy, Forget Spell, Renounce Religion


You were on level 5 of the Lair of Beasts.
You worshipped Sif Muna.
Sif Muna was exalted by your worship.
You were not hungry.

You visited 3 branches of the dungeon, and saw 15 of its levels.
You visited 3 portal chambers: ossuary, bailey, volcano.

You collected 1777 gold pieces.
You spent 480 gold pieces at shops.

Inventory:

Hand weapons
 e - a +2,+0 whip
 E - a +1,+0 sabre
 F - a +3,+1 elven dagger of venom (weapon)
 I - a +4,+3 scimitar of flaming
 R - a +0 blowgun
Missiles
 k - 59 poisoned +0 needles
 o - 20 +0 sling bullets
 p - 18 +0 bolts of frost
 q - 5 curare-tipped +0 needles
 r - 12 +0 darts of frost (quivered)
 s - 33 +3 darts
 S - 19 poisoned +0 bolts
 Y - 22 +0 darts of flame
Armour
 b - a +0 wizard hat (worn)
 g - a +0 pair of boots (worn)
 n - a +0 cloak
 u - a +0 pair of gauntlets (worn)
 x - a +1 robe of fire resistance (worn)
 z - a +0 cap
 D - a +1 orcish cloak (worn)
Magical devices
 a - a wand of disintegration (3)
 d - a wand of slowing (5) {unknown}
 j - a wand of polymorph other (4)
 l - a wand of lightning (3)
 G - a wand of fireball (0)
 H - a wand of confusion (5)
 J - a wand of flame (11) {unknown}
 K - a wand of digging (11)
 N - a wand of draining (3) {unknown}
 T - a wand of magic darts (10)
 W - a wand of disintegration (4)
Scrolls
 f - 2 scrolls of teleportation
 h - 3 scrolls of remove curse
 m - 5 scrolls of identify
 t - 6 scrolls of detect curse
 y - a scroll of fear
 A - a scroll of blinking
 C - 3 scrolls of fog
 L - a scroll of enchant weapon III {unknown}
 M - a scroll of vorpalise weapon {unknown}
Jewellery
 c - an uncursed amulet of resist corrosion {unknown}
 v - an amulet of faith (around neck)
 w - an uncursed ring of magical power
 B - an uncursed ring of levitation
 O - a ring of fire (left hand)
 P - an uncursed amulet of resist mutation
 Q - a +2 ring of strength
 U - a ring of magical power (right hand)
Books
 i - Sif Muna's Almanac of the Traveller {god gift}
   (Sif Muna gifted it to you on level 4 of the Lair of Beasts)

   Spells                             Type                      Level
   Portal Projectile                  Translocation                2
   Recall                             Summoning/Translocation      3
   Teleport Other                     Translocation                3
   Passage of Golubria                Translocation                4
   Dispersal                          Translocation                6


   Skills:
 * Level 6.1 Fighting
 - Level 2.1 Short Blades
 - Level 1.5 Dodging
 - Level 1.5 Stealth
 + Level 8.5 Spellcasting
 - Level 7.1 Conjurations
 - Level 4.5 Charms
 - Level 9.0 Summonings
 * Level 4.0 Necromancy
 * Level 5.4 Translocations
 - Level 4.5 Air Magic
 - Level 1.0 Poison Magic
 + Level 6.4 Invocations


You had 6 spell levels left.
You knew the following spells:

 Your Spells              Type           Power        Failure   Level  Hunger
a - Magic Dart            Conj           #####        1%          1    N/A
b - Blink                 Tloc           N/A          1%          2    N/A
c - Call Imp              Summ           ######....   1%          2    N/A
d - Mephitic Cloud        Pois/Air/Conj  #####....    4%          3    N/A
e - Summon Butterflies    Summ           ######...    1%          1    N/A
f - Conjure Flame         Fire/Conj      ######...    6%          3    N/A
g - Flight                Air/Chrm       #####.....   3%          3    N/A
h - Pain                  Necr           #####        1%          1    N/A
i - Control Teleport      Chrm/Tloc      #####.....   12%         4    N/A
r - Repel Missiles        Air/Chrm       #####.....   1%          2    N/A

Dungeon Overview and Level Annotations

Branches:
Dungeon (9/27)             Temple (1/1) D:4            Lair (5/8) D:9
  Swamp (0/5) Lair:5       Shoals (0/5) Lair:4
    Orc: D:6-11

Altars:
Ashenzari
Cheibriados
Elyvilon
Fedhas
Kikubaaqudgha
Makhleb
Nemelex Xobeh
Okawaru
Sif Muna
The Shining One
Trog
Vehumet
Xom
Yredelemnul
Zin

Shops:
D:8: =

Annotations
D:9 Maurice
Lair:5 Tityrus' ghost, powerful DECj


Innate Abilities, Weirdness & Mutations

You do not eat or drink.
Your flesh is vulnerable to fire.
Your flesh is cold resistant.
You are immune to negative energy.
Your system is resistant to poisons.
You are immune to unholy pain and torment.
You can survive without breathing.


Message History

The stinking cloud engulfs the death yak.
The death yak is almost dead.
The stinking cloud engulfs Tityrus' ghost.
The death yak is engulfed in noxious fumes.
The death yak misses you. Tityrus' ghost casts a spell at you.
The ball explodes into a vile cloud!
The stinking cloud engulfs the death yak.
The stinking cloud engulfs Tityrus' ghost.
The death yak is engulfed in noxious fumes.
The death yak appears confused.
Tityrus' ghost wails, "You will never get the ORB!"
Tityrus' ghost casts a spell at you. The orb of energy hits you!
* * * LOW HITPOINT WARNING * * *
The death yak is engulfed in noxious fumes.
The death yak appears confused.
The death yak gores Tityrus' ghost!
Tityrus' ghost casts a spell at you. The orb of energy hits you!
You die...

##### #§§§# ######### #§§§#
## #...#...# #####(§§#####.
#......f# #......§##f...
#.......#####.....§§P.....
#......+..##Y§........%.%.
#........@.§§p...%.....f..
##...>...#.#§#§......##.#ff
#.......####.f#.'###.######
##..##.## ####..# ##.# #
#####Y§## #..# ## # ##.Y#
..## #§.# ..# §.# .... ....
...


You could see a death yak (confused) and Tityrus' ghost.

Vanquished Creatures
  A hydra (Lair:2)
  2 death yaks (Lair:5)
  A hill giant (D:7)
  An orc knight (Port)
  2 black mambas (Lair:3)
  A feature mimic (Lair:3)
  The ghost of newuser the Shield-Bearer, an experienced MiFi of Okawaru (D:7)
  5 elephants (Lair:3)
  A spiny frog (Lair:1)
  A wolf spider (Lair:4)
  2 humans (Port)
  A komodo dragon (Lair:4)
  10 blink frogs (Lair:2)
  A baby alligator (Lair:5)
  A basilisk (Lair:3)
  19 yaks
  A steam dragon (Lair:4)
  2 hippogriffs
  4 war dogs (Lair:2)
  A fire drake (Lair:4)
  5 swamp worms (D:8)
  11 orc warriors
  A deep dwarf (Lair:4)
  4 ogres
  A crocodile (Lair:4)
  3 centaurs
  A giant slug (Lair:3)
  2 water moccasins
  9 giant frogs
  2 agate snails
  6 killer bees
  3 wights (D:7)
  2 big kobold zombies (Port)
  A quasit (D:7)
  Dowan (D:5)
  5 crimson imps
  An iron imp (Lair:4)
  2 orc priests (D:6)
  A scorpion (D:7)
  Crazy Yiuf (D:7)
  3 hound skeletons
  5 hounds
  4 iguanas
  3 worker ants
  A worker ant zombie (D:8)
  2 big fish (D:8)
  2 orc wizards
  5 porcupines
  A human zombie (Port)
  4 sheep (Lair:5)
  Ijyb (D:7)
  6 adders
  21 green rats
  2 shadow imps
  An adder skeleton (D:8)
  5 white imps
  An iguana skeleton (D:6)
  9 worms
  A giant eyeball (D:8)
  8 giant geckos
  16 orcs
  3 giant cockroaches
  15 goblins
  18 hobgoblins
  12 jackals
  16 kobolds
  3 quokkas
  22 bats
  A giant gecko skeleton (D:7)
  2 giant newts
  3 goblin zombies (Port)
  A hobgoblin zombie (D:6)
  2 jackal zombies (Lair:1)
  2 orc zombies (Port)
  15 rats
  A rat skeleton (D:6)
  2 ballistomycetes (D:8)
  2 fungi (Lair:4)
  9 toadstools
350 creatures vanquished.

Vanquished Creatures (collateral kills)
  Erica (Lair:2)
  Joseph (Lair:2)
  2 griffons (Lair:4)
  2 spiny frogs
  A feature mimic (Lair:5)
  A black mamba (Lair:2)
  A komodo dragon (Lair:4)
  A human (Lair:2)
  A spriggan (D:9)
  A fire drake (Lair:2)
  3 yaks
  2 war dogs (Lair:4)
  2 hippogriffs (Lair:4)
  A manticore (Lair:4)
  An ogre (D:9)
  A swamp drake (Lair:5)
  A crocodile (Lair:4)
  A sky beast (D:5)
  Duvessa (D:5)
  A yellow wasp zombie (D:8)
  2 giant slugs
  A killer bee (D:8)
  A wight (D:7)
  A big kobold zombie (Port)
  2 crimson imps
  2 hounds
  A worker ant (D:9)
  2 iguanas
  A scorpion (D:4)
  3 orc wizards
  A sheep (Lair:5)
  A jelly (D:9)
  3 mummies
  3 adders
  3 gnolls (D:4)
  8 green rats
  A giant centipede (D:9)
  An adder skeleton (D:7)
  5 worms (D:8)
  2 oozes
  An orc (D:4)
  4 bats
  2 goblins
  2 hobgoblins
  11 jackals
  A kobold (D:7)
  A giant cockroach (D:2)
  2 goblin zombies (Port)
  A hobgoblin zombie (Port)
  An orc skeleton (D:4)
  2 orc zombies (Port)
  A fungus (Lair:2)
  2 plants
  A toadstool (D:7)
102 creatures vanquished.

Vanquished Creatures (others)
  A black mamba zombie (Lair:2)
  A blink frog skeleton (Lair:2)
  A hippogriff zombie (Lair:4)
  3 killer bee zombies (D:8)
  45 crimson imps
  6 iron imps
  15 shadow imps
  35 white imps
  A worm (D:5)
  A bat zombie (D:8)
  2 green rat zombies (Lair:2)
  An orc (D:7)
  2 giant gecko zombies
  A giant spore (D:8)
  A jackal zombie (D:8)
  2 orc zombies
  2 rats
  A butterfly (D:7)
  5 fungi
  A plant (Lair:2)
  45 toadstools
172 creatures vanquished.

Grand Total: 624 creatures vanquished

Notes
Turn   | Place    | Note
--------------------------------------------------------------
     0 | D:1      | vogonpoet, the Mummy Wizard, began the quest for the Orb.
     0 | D:1      | Reached XP level 1. HP: 11/11 MP: 5/5
    34 | D:1      | Reached skill level 1 in Conjurations
   357 | D:1      | Reached XP level 2. HP: 15/17 MP: 7/7
   749 | D:1      | Learned a level 2 spell: Blink
   752 | D:1      | Learned a level 2 spell: Call Imp
   832 | D:2      | Reached skill level 1 in Summonings
  1484 | D:2      | Reached XP level 3. HP: 22/22 MP: 5/9
  1826 | D:2      | Found a glowing golden altar of the Shining One.
  2604 | D:4      | Reached XP level 4. HP: 19/28 MP: 9/11
  2705 | D:4      | Found a staircase to the Ecumenical Temple.
  2737 | Temple   | Entered the Ecumenical Temple
  2942 | Temple   | Became a worshipper of Sif Muna the Loreminder
  3045 | D:4      | Learned a level 3 spell: Mephitic Cloud
  3222 | D:4      | Reached XP level 5. HP: 29/33 MP: 2/12
  3380 | D:4      | Found a glowing golden altar of the Shining One.
  3564 | D:4      | Reached skill level 1 in Poison Magic
  3736 | D:4      | Reached skill level 1 in Air Magic
  3767 | D:5      | Entered Level 5 of the Dungeon
  3767 | D:5      | Noticed Duvessa
  3767 | D:5      | Noticed Dowan
  3863 | D:5      | Found a sand-covered staircase. 3868
                  | ossuary
                  | Entered a tomb 3931
                  | ossuary
                  | Acquired Sif Muna's first power 3931
                  | ossuary
                  | Reached skill level 1 in Short Blades 3941
                  | ossuary
                  | Reached XP level 6. HP: 31/39 MP: 7/14
  4127 | D:5      | Killed Duvessa
  4144 | D:5      | Killed Dowan
  4400 | D:5      | Reached skill level 1 in Translocations
  4498 | D:5      | Reached skill level 4 in Spellcasting
  4568 | D:5      | Reached skill level 1 in Invocations
  4568 | D:5      | Reached XP level 7. HP: 44/44 MP: 9/18
  4717 | D:5      | Acquired Sif Muna's second power
  5261 | D:6      | Reached skill level 5 in Spellcasting
  5553 | D:6      | Reached XP level 8. HP: 50/50 MP: 10/20
  5625 | D:6      | Learned a level 1 spell: Summon Butterflies
  5709 | D:6      | Learned a level 2 spell: Repel Missiles
  5932 | D:6      | Found a glowing silver altar of Zin.
  6075 | D:6      | Learned a level 3 spell: Conjure Flame
  6078 | D:7      | Noticed newuser's ghost (experienced MiFi)
  6193 | D:7      | Reached skill level 1 in Charms
  6476 | D:7      | Noticed Ijyb
  6485 | D:7      | Killed Ijyb
  6596 | D:7      | Killed newuser's ghost
  6934 | D:7      | Noticed Crazy Yiuf
  6946 | D:7      | Killed Crazy Yiuf
  7048 | D:7      | Found a radiant altar of Vehumet.
  7553 | D:7      | Reached XP level 9. HP: 55/55 MP: 21/21
  7631 | D:7      | Noticed a hill giant
  7677 | D:7      | Killed a hill giant
  7888 | D:8      | Reached skill level 5 in Invocations
  7894 | D:8      | Acquired Sif Muna's third power
  8070 | D:8      | Found Ariruogh's Jewellery Emporium.
  8093 | D:8      | Bought an uncursed ring of fire for 240 gold pieces
  8093 | D:8      | Bought an uncursed ring of magical power for 240 gold pieces
  8193 | D:8      | Paralysed by a giant eyeball for 4 turns
  8354 | D:8      | Found a flagged portal. 8363
                  | bailey
                  | Entered the bailey 8393
                  | bailey
                  | Reached skill level 6 in Spellcasting 8393
                  | bailey
                  | Reached XP level 10. HP: 58/61 MP: 12/23 8401
                  | bailey
                  | Reached skill level 5 in Conjurations 8464
                  | bailey
                  | Got a slimy battleaxe
  8581 | D:8      | Identified the cursed battleaxe "Shrizemn" {chop, rC+ Str-2} (You found it in the bailey)
  8637 | D:8      | Learned a level 3 spell: Flight
  9225 | D:9      | Learned a level 1 spell: Pain
  9398 | D:9      | Noticed Maurice
  9443 | D:9      | Found a basalt altar of Yredelemnul.
  9538 | D:9      | Found a staircase to the Lair.
  9787 | Lair:1   | Entered Level 1 of the Lair of Beasts
 10006 | D:9      | Reached skill level 7 in Spellcasting
 10286 | D:9      | Reached skill level 5 in Summonings
 10521 | Lair:1   | Received a gift from Sif Muna
 10736 | Lair:1   | Reached skill level 1 in Fighting
 11399 | Lair:1   | Reached skill level 8 in Spellcasting
 12021 | Lair:2   | Reached XP level 11. HP: 53/68 MP: 27/27
 12181 | Lair:2   | Found a dark tunnel.
 12197 | Lair:2   | Noticed Joseph
 12222 | Lair:2   | Killed Joseph
 12285 | Volcano  | Entered a volcano
 12353 | Volcano  | Identified 2 scrolls of acquirement
 12541 | Lair:2   | Learned a level 4 spell: Control Teleport
 12703 | Lair:2   | Received a gift from Sif Muna
 12704 | Lair:2   | Got an engraved book {god gift}
 12740 | Lair:2   | Identified Sif Muna's Compendium of the Traveller {god gift} (Sif Muna gifted it to you on level 2 of the Lair of Beasts)
 12870 | Lair:2   | Noticed Erica
 12886 | Lair:2   | Killed Erica
 14032 | Lair:3   | Reached skill level 9 in Summonings
 14070 | Lair:3   | Received a gift from Sif Muna
 14071 | Lair:3   | Got a levitating book {god gift}
 14093 | Lair:3   | Identified Sif Muna's Compendium of Battle Magic and Weightlessness {god gift} (Sif Muna gifted it to you on level 3 of the Lair of Beasts)
 15222 | Lair:3   | Reached XP level 12. HP: 62/78 MP: 20/28
 15530 | Lair:2   | Reached skill level 1 in Necromancy
 15732 | Lair:4   | Found a staircase to the Shoals.
 15884 | Lair:4   | Reached skill level 5 in Fighting
 15893 | Lair:4   | Received a gift from Sif Muna
 15894 | Lair:4   | Got a yellowed book {god gift}
 15905 | Lair:4   | Identified Sif Muna's Almanac of the Traveller {god gift} (Sif Muna gifted it to you on level 4 of the Lair of Beasts)
 16254 | Lair:4   | Noticed a wolf spider
 16281 | Lair:4   | Killed a wolf spider
 16555 | Lair:4   | Reached skill level 5 in Translocations
 17113 | Lair:5   | Found a staircase to the Swamp.
 17462 | Lair:5   | Noticed Tityrus' ghost (powerful DECj)
 17470 | Lair:5   | Killed from afar by Tityrus' ghost
